 Dungeon Crawl Stone Soup version 0.19-a0-1213-g90c832c (webtiles) character file.

1456 LORDOFBUTT the Covert (level 8, -4/39 HPs)
             Began as a Spriggan Assassin on Aug 23, 2016.
             Slain by a wight
             ... wielding a cursed +2 long sword
              (7 damage)
             ... on level 6 of the Dungeon.
             The game lasted 00:14:35 (5142 turns).

LORDOFBUTT the Covert (Spriggan Assassin)           Turns: 5142, Time: 00:14:35

Health: -4/39      AC:  9    Str:  8    XL:     8   Next: 47%
Magic:  12/12      EV: 21    Int: 13    God:
Gold:   398        SH:  3    Dex: 18    Spells: 0 memorised, 7 levels left

rFire  . . .     SeeInvis +     a - +3 dagger
rCold  . . .     Gourm    .     c - +0 robe
rNeg   . . .     Faith    .     (shield restricted)
rPois  .         Spirit   .     (helmet restricted)
rElec  .         Dismiss  .     d - +0 cloak
rCorr  .         Reflect  +     (gloves unavailable)
MR     +....     Harm     .     (boots unavailable)
Stlth  +++++.....               h - +3 amulet of reflection
                                A - ring of wizardry
                                m - +6 ring of protection

@: drained, very quick
A: unfitting armour, see invisible, herbivore 3, speed 3, slow metabolism 2
a: no special abilities


You were on level 6 of the Dungeon.
You were full.

You visited 2 branches of the dungeon, and saw 9 of its levels.

You collected 398 gold pieces.

Inventory:

Hand Weapons
 a - a +3 dagger (weapon)
 b - a +2 blowgun
Missiles
 e - 5 poisoned needles
 f - a curare-tipped needle
 y - 5 needles of confusion
Armour
 c - a +0 robe (worn)
 d - a +0 cloak (worn)
Jewellery
 h - a +3 amulet of reflection (around neck)
 m - a +6 ring of protection (left hand)
 t - an uncursed amulet of harm
 A - a ring of wizardry (right hand)
 C - an uncursed ring of see invisible
Wands
 w - a wand of polymorph (3/24)
 D - a wand of slowing (37/48)
 F - a wand of iceblast (12/15)
Scrolls
 i - 7 scrolls of remove curse
 k - 5 scrolls of identify
 p - a scroll of noise
 q - a scroll of blinking {unknown}
 v - 2 scrolls of fear
 G - 2 scrolls of teleportation
Potions
 j - a potion of lignification {unknown}
 l - 3 potions of flight {unknown}
 n - 5 potions of curing
 o - 3 potions of heal wounds {unknown}
 r - a potion of beneficial mutation {unknown}
 s - 2 potions of berserk rage {unknown}
 x - a potion of resistance {unknown}
 z - a potion of ambrosia {unknown}
 B - a potion of mutation {unknown}
 E - a potion of magic {unknown}
 H - 2 potions of cure mutation {unknown}
Comestibles
 g - 4 bread rations
 u - 5 fruits


   Skills:
 + Level 2.6(1.5) Fighting
 + Level 4.1(2.9) Short Blades
 + Level 3.7(2.6) Throwing
 + Level 6.4(5.2) Dodging
 + Level 11.9(10.5) Stealth
 * Level 4.8(3.7) Evocations


You had 7 spell levels left.
You didn't know any spells.

Dungeon Overview and Level Annotations

Branches:
Dungeon (8/15)             Temple (1/1) D:7
   Lair: D:8-11

Altars:
Ashenzari
Dithmenos
Elyvilon
Fedhas
Gozag
Hepliaklqana
Makhleb
Nemelex Xobeh
Qazlal
Ru
Trog
Uskayaw
Vehumet
Yredelemnul
Zin
The Shining One

Shops:
D:6 [


Innate Abilities, Weirdness & Mutations

You are tiny and cannot use many weapons and most armour.
You have supernaturally acute eyesight. (SInv)
You are a herbivore.
You cover ground extremely quickly.
You need consume almost no food.


Message History

The wight misses you.
You hit the wight but do no damage.
The wight is severely damaged.
The wight closely misses you. x3
You closely miss the wight.
The wight is severely damaged.
The wight misses you. The wight completely misses you.
You hit the wight but do no damage.
The wight is severely damaged.
You block the wight's attack. The wight closely misses you.
You hit the wight but do no damage.
The wight is severely damaged.
The wight misses you. The wight completely misses you.
The wight hits you from afar with an enchanted spear.
* * * LOW HITPOINT WARNING * * *
You feel drained.
You hit the wight.
The wight is severely damaged.
The wight hits you with an enchanted long sword!
You die...

#.# #.# ... #.# #.#
#.# #.####### #
#.### #.##..z!##8.
..8 #..<#
#.##...S##.. ....
#[..# #.##....#_..
.... #...#
#.##z...##.. ....
#...####.@zz...##8.
...8
#..).....#######
#8## #...####.#
#### #...# #.# #.#
#...####.# #.#
##....##.# #.#
#.##....# #..
#.####..### #.. ..#
#.>.(# #.#


You could see 3 wights and an adder (sleeping).

Vanquished Creatures
  Prince Ribbit (D:7)
  Sigmund (D:6)
  A warg (D:6)
  2 sky beasts (D:5)
  A phantom (D:4)
  An ogre (D:6)
  A giant frog (D:6)
  A scorpion (D:6)
  2 howler monkeys
  A giant frog zombie (D:1)
  2 centaur zombies
  2 orc priests (D:4)
  An iguana (D:4)
  3 worker ants (D:4)
  A hound zombie (D:6)
  2 hound skeletons
  7 adders
  An adder skeleton (D:4)
  4 worms
  5 giant geckos
  12 orcs
  5 giant cockroaches
  9 goblins
  12 hobgoblins
  7 jackals
  5 quokkas
  3 ball pythons
  4 bats
  4 giant newts
  A jackal zombie (D:7)
  7 kobolds
  2 rats (D:1)
111 creatures vanquished.

Notes
Turn   | Place    | Note
-------+----------+-------------------------------------------
     0 | D:1      | LORDOFBUTT the Spriggan Assassin began the quest for the Orb.
     0 | D:1      | Reached XP level 1. HP: 10/10 MP: 2/2
    79 | D:1      | Reached skill level 6 in Stealth
   316 | D:1      | Reached XP level 2. HP: 14/14 MP: 3/3
   641 | D:1      | Reached skill level 7 in Stealth
   867 | D:1      | Reached XP level 3. HP: 18/18 MP: 4/4
  1550 | D:2      | Reached XP level 4. HP: 23/23 MP: 5/5
  1776 | D:2      | Reached skill level 8 in Stealth
  2333 | D:3      | Reached XP level 5. HP: 21/26 MP: 6/6
  2946 | D:4      | Reached skill level 9 in Stealth
  2982 | D:4      | Found a hide-covered altar of Uskayaw.
  2983 | D:4      | Noticed a hand axe
  2984 | D:4      | Noticed a dagger
  3137 | D:4      | Reached XP level 6. HP: 30/30 MP: 7/7
  3325 | D:4      | Found a burning altar of Makhleb.
  3395 | D:4      | Found a shadowy altar of Dithmenos.
  3398 | D:4      | Reached skill level 1 in Evocations
  3731 | D:5      | Entered Level 5 of the Dungeon
  3789 | D:5      | Noticed a sky beast
  3795 | D:5      | Killed a sky beast
  3795 | D:5      | Reached skill level 10 in Stealth
  3795 | D:5      | Reached XP level 7. HP: 35/35 MP: 9/9
  4521 | D:6      | Reached skill level 5 in Dodging
  4521 | D:6      | Reached skill level 11 in Stealth
  4734 | D:6      | Found Yqiug's Armour Shoppe.
  4746 | D:6      | Reached XP level 8. HP: 38/39 MP: 11/11
  4823 | D:6      | Found a burning altar of Makhleb.
  4875 | D:6      | You fall through a shaft for 2 floors!
  4892 | D:7      | Found a staircase to the Ecumenical Temple.
  4892 | D:7      | Noticed Prince Ribbit
  4898 | Temple   | Entered the Ecumenical Temple
  4993 | D:7      | Killed Prince Ribbit
  5094 | D:6      | Noticed Sigmund
  5098 | D:6      | Killed Sigmund
  5116 | D:6      | Found an opulent altar of Gozag.
  5142 | D:6      | Slain by a wight

Vault maps used:
D:1:      dpeg_arrival_shelter, minmay_misc_feat_x
D:3:      first_bread
D:4:      minmay_wonky_spiral, kennysheep_mini, dancing_weapons_uskayaw,
          grunt_dithmenos_shadows
D:6:      nicolae_overflow_hidden_temple, serial_shops, nicolae_shop_crystal,
          bloody_makhleb, uniq_pikel, uniq_grinder, uniq_sigmund
D:7:      cheibrodos_worm_habitat, nicolae_overflow_crystal_walls, serial_shops,
          kennysheep_mini_moat, kennysheep_little_box, shop, shop,
          grunt_ogre_cave, uniq_prince_ribbit1
D:8:      amethyst_overflow_temple_binary
Temple:   dshaligram_water_room_temple

Skill      XL: |  1  2  3  4  5  6  7  8 |
---------------+-------------------------+-----
Stealth        | 6 7 8 9 10 11 | 11.9
Dodging        | 2 3 4 5 6 |  6.4
Short Blades   | 3 4 |  4.1
Evocations     | 2 3 4 |  4.8
Fighting       | 2 |  2.6
Throwing       | 3 |  3.7

Action                   |  1- 3 |  4- 6 |  7- 9 || total
-------------------------+-------+-------+-------++-------
Melee: Dagger            |   104 |   182 |   141 ||   427
 Fire: Blowgun           |     1 |    19 |    18 ||    38
Evoke: Wand              |       |       |     3 ||     3
  Use: Potion            |       |     1 |       ||     1
       Scroll            |       |     9 |     1 ||    10
 Stab: Sleeping          |    12 |    30 |     5 ||    47
       Distracted        |     1 |       |     2 ||     3
       Fleeing           |       |     1 |       ||     1
       Confused          |       |       |     4 ||     4
  Eat: Fruit             |       |     1 |       ||     1
       Bread ration      |       |       |     1 ||     1
Armor: Robe              |    12 |    25 |    16 ||    53
Dodge: Dodged            |    58 |    88 |   115 ||   261
Block: Other             |     7 |    16 |    15 ||    38
